Map: Orbital Shipyard

Players

Quiver

  • Race: Terran Terran
  • League: Gold

LilDicky - Winner!

  • Race: Terran Terran
  • League: Diamond

VOD

http://www.twitch.tv/tumescentpie

Description

Time

  • Played on: Nov. 24, 2015, 6:30 p.m.
  • Length: 5:03
Show
View Real Time Build Order
Export as new Build Order

Quiver Terran 

Build Orders:  

Get SALT Encoding   

  12  0:00  SCV  
  13  0:13  SCV  
  14  0:17  Supply Depot  
  14  0:25  SCV  
  15  0:39  SCV  
  15  0:41  Barracks  
  16  0:48  Refinery  
  16  0:51  SCV  
  17  1:03  SCV  
  18  1:17  SCV  
  19  1:29  Orbital Command  
  19  1:30  Marine  
  20  1:43  Command Center  
  20  1:48  Marine  
  21  1:56  SCV  
  21  2:00  Factory  
  22  2:05  Refinery  
  22  2:08  SCV  
  23  2:17  Supply Depot  
  23  2:19  Barracks Tech Lab  
  23  2:38  SCV  
  23  2:39  Marine  
  25  2:44  Starport  
  25  2:50  SCV  
  26  2:55  Hellion  
  26  2:56  Orbital Command  
  28  3:02  SCV  
  29  3:08  Marine  
  30  3:27  SCV x2  
  31  3:32  Viking  
  31  3:33  Factory Tech Lab  
  34  3:34  Barracks  
  34  3:42  SCV  
  34  3:46  SCV  
  36  3:50  Marine  
  36  3:53  Siege Tank  
  36  3:54  SCV  
  41  3:58  SCV  
  42  4:02  Engineering Bay  
  42  4:06  SCV  
  43  4:13  SCV  
  44  4:19  SCV  
  32  4:37  Marine x2  
Show
View Real Time Build Order
Export as new Build Order

LilDicky Terran - Winner!

Build Orders:  

Get SALT Encoding   

  12  0:02  SCV  
  13  0:14  SCV  
  13  0:19  Supply Depot  
  14  0:26  SCV  
  15  0:29  Refinery  
  15  0:40  SCV  
  16  0:45  Barracks  
  16  0:53  SCV  
  17  1:05  SCV  
  18  1:14  Barracks  
  18  1:17  SCV  
  19  1:30  SCV  
  20  1:33  Reaper  
  20  1:36  Supply Depot  
  21  1:42  Orbital Command  
  21  1:53  Barracks  
  21  2:04  Reaper, Refinery  
  21  2:07  SCV  
  23  2:17  Supply Depot  
  23  2:21  Reaper  
  24  2:26  SCV  
  25  2:34  Barracks  
  26  2:38  Reaper  
  26  2:41  Reaper  
  27  2:45  SCV  
  28  2:54  Reaper  
  28  2:57  SCV  
  30  3:00  Supply Depot  
  30  3:10  Reaper  
  31  3:13  Reaper  
  31  3:23  Reaper  
  31  3:26  Reaper  
  32  3:32  SCV  
  33  3:41  Command Center  
  33  3:42  Reaper  
  33  3:44  SCV  
  33  3:45  Reaper  
  36  3:52  Supply Depot  
  36  3:55  Reaper  
  37  3:56  SCV  
  37  3:58  Reaper  
  39  4:08  SCV  
  40  4:20  SCV  
  41  4:27  Reaper  
Tags
 
Add a new tag
Caveats
  • Supply blocks, unpowered buildings, or Contaminate may cause inaccurate times.
  • Supply counts are checked every 10 seconds.